 Dungeon Crawl Stone Soup version 0.28-a0-410-gbef64dd269 (webtiles) character file.

Game seed: 2665907266340253528

11281 rwqrw the Grappler (level 11, -7/110 HPs)
             Began as a Troll Fighter on Sept 6, 2021.
             Was a High Priest of Jiyva.
             Mangled by a hornet (10 damage)
             ... while paralysed by a hornet
             ... on level 10 of the Dungeon.
             The game lasted 00:18:59 (9928 turns).

rwqrw the Grappler (Troll Fighter)                  Turns: 9928, Time: 00:19:00

Health: -7/110     AC:  7    Str: 21    XL:     11   Next: 47%
Magic:  10/10      EV:  1    Int:  6    God:    Jiyva [*****.]
Gold:   411        SH:  0    Dex: 17    Spells: 10/10 levels left

rFire   . . .      SeeInvis .     - Unarmed
rCold   + . .      Faith    .   b - +0 kite shield
rNeg    . . .      Spirit   .   c - +0 acid dragon scales
rPois   .          Reflect  .   d - +0 hat
rElec   +          Harm     .   e - +0 cloak
rCorr   +          Rampage  .   (gloves unavailable)
Will    +....                   (boots unavailable)
Stlth   +.........              (no amulet)
HPRegen 1.28/turn               y - ring of protection from cold
MPRegen 0.12/turn               (no ring)

@: paralysed, slowed
A: large, unfitting armour, claws 3, regeneration 1, shaggy fur 1, tough skin 1,
strong-willed 1, electricity resistance, strong 1, wild magic 1, pseudopods 1
a: Renounce Religion, Request Jelly, Slimify, Cure Bad Mutation


You were on level 10 of the Dungeon.
You worshipped Jiyva.
Jiyva was extremely pleased with you.
You visited 3 branches of the dungeon, and saw 13 of its levels.
You also visited: Sewer and Ossuary.

You collected 411 gold pieces.

Inventory:

Missiles
 j - 15 boomerangs
 n - 3 curare-tipped darts
 q - 22 poisoned darts (quivered)
 C - 5 large rocks
Armour
 b - a +0 kite shield (worn)
 c - +0 acid dragon scales (worn)
 d - a +0 hat (worn)
 e - a +0 cloak (worn)
Jewellery
 y - a ring of protection from cold (left claw)
Wands
 l - a wand of flame (10)
 m - a wand of paralysis (8)
 A - a wand of digging (8)
 G - a wand of acid (10)
Scrolls
 g - 5 scrolls of teleportation {unknown}
 p - 4 scrolls of immolation {unknown}
 s - a scroll of summoning {unknown}
 t - 2 scrolls of fog {unknown}
 u - a scroll of vulnerability
 x - a scroll of fear
 B - a scroll of magic mapping
 E - a scroll of enchant armour
 F - 3 scrolls of enchant weapon
Potions
 a - a potion of might
 f - 4 potions of resistance {unknown}
 h - a potion of haste
 i - 2 potions of curing
 k - a potion of cancellation
 o - 5 potions of ambrosia
 r - 5 potions of lignification
 v - a potion of flight {unknown}
 w - a potion of mutation {unknown}
 z - 2 potions of heal wounds
 D - 2 potions of attraction {unknown}
 H - a potion of berserk rage {unknown}
Miscellaneous
 I - a condenser vane


   Skills:
 + Level 7.7 Fighting
 + Level 4.7 Throwing
 + Level 4.8 Armour
 + Level 5.5 Dodging
 + Level 5.5 Shields
 + Level 11.3 Unarmed Combat


You had 10 spell levels left.
You didn't know any spells.
Your spell library contained the following spells:

 Spells                   Type           Power      Damage    Failure   Level
 Freeze                   Ice            0%         1d3       85%         1
 Magic Dart               Conj           0%         1d3       85%         1
 Summon Small Mammal      Summ           0%         N/A       85%         1
 Searing Ray              Conj           0%         3d3       93%         2
 Sublimation of Blood     Necr           0%         N/A       93%         2
 Wereblood                Tmut           0%         N/A       93%         2
 Frozen Ramparts          Ice            0%         1d2       99%         3
 Inner Flame              Hex/Fire       0%         N/A       99%         3
 Fulminant Prism          Conj/Hex       0%         3d6       100%        4
 Hailstorm                Conj/Ice       0%         3d3       100%        4
 Summon Hydra             Summ           0%         N/A       100%        7


Dungeon Overview and Level Annotations

Branches:
Dungeon (10/15)            Temple (1/1) D:6            Lair (2/6) D:9
  Sewer (visited)         Ossuary (visited)
  Swamp: Lair:2-4    Shoals: Lair:2-4     Snake: Lair:2-4    Spider: Lair:2-4
    Orc: D:9-12

Altars:
Ashenzari
Cheibriados
Dithmenos
Elyvilon
Fedhas
Gozag
Hepliaklqana
Kikubaaqudgha
Makhleb
Nemelex Xobeh
Okawaru
Qazlal
Ru
Sif Muna
Trog
Uskayaw
Vehumet
Wu Jian
Xom
Yredelemnul
Zin
The Shining One
Beogh
Jiyva

Shops:
D:8 (   D:9 [

Annotations:
D:9 1 runed translucent door, krigyl's ghost, journeyman SpGl


Innate Abilities, Weirdness & Mutations

You are too large for most types of armour.
You have claws for hands.
Your natural rate of healing is unusually fast.
You are covered in fur. (AC +1)
You have tough skin. (AC +1)
You are strong-willed. (Will+)
You are resistant to electric shocks. (rElec)
Your muscles are strong. (Str +2)
Your spells are a little harder to cast, but a little more powerful.
Armour fits poorly on your pseudopods.


Message History

* * * LOW HITPOINT WARNING * * *
You feel yourself slow down.
You hear a distant slurping noise.
Jiyva appreciates your sacrifice.
You feel your power returning.
You feel better. x2
The hornet stings you but does no damage.
You closely miss the hornet.
You bludgeon the hornet, but do no damage.
The hornet is almost dead.
You feel sick. You block the hornet's attack. x2
You miss the hornet.
You bludgeon the hornet, but do no damage.
The hornet is almost dead.
You feel sick. The hornet stings you!
* * * LOW HITPOINT WARNING * * *
You feel as though you will be slow longer.
You hear a distant slurping noise.
Jiyva appreciates your sacrifice.
You feel better. x2
Jiyva appreciates your sacrifice.
You feel better. You block the hornet's attack.
You closely miss the hornet.
The hornet is almost dead.
You feel sick. The hornet misses you.
The hornet stings you but does no damage.
You closely miss the hornet. You bludgeon the hornet.
The hornet is almost dead.
You feel sick.
You are no longer poisoned.
The hornet stings you.
* * * LOW HITPOINT WARNING * * *
You suddenly lose the ability to move!
The hornet stings you!
* * * LOW HITPOINT WARNING * * *
You feel as though you will be slow longer.
The hornet stings you!
* * * LOW HITPOINT WARNING * * *
You shrug off the repeated paralysis!
You hear a distant slurping noise.
You feel better. The hornet stings you!
You die...

.'.#.###.# #######
.#.#.# .......
.#.#.# .......
##.#.# .<...:.
###.##### .......
#...#...# .......
#.#.#.#.#
#####....>..
#.#...#)#
#...y.......
#.#####.#
#..@#.......
#...)...#
##...#####+##
###)##### ##...##
#>.# ##...#####
###.#######...##._.#
#.......##...###...#
#......##...#∩#...##
.......#.).###...##
#......#._.##...##


You could see a hornet.

Vanquished Creatures
  An ugly thing (D:7)
  A cyclops (D:6)
  Maggie (D:7)
  Psyche (D:8)
  A cane toad (Lair:1)
  A rime drake (Lair:1)
  An unseen horror (D:10)
  A komodo dragon (Lair:1)
  A queen bee (Lair:1)
  Prince Ribbit (D:7)
  The ghost of SirDiesAlot the Covered, an amateur MiGl (D:4)
  2 trolls (D:10)
  4 blink frogs (Lair:1)
  2 hornets
  Sigmund (D:2)
  A wraith (Ossuary)
  A ynoxinul (D:10)
  6 yaks
  2 wyverns
  A steam dragon (D:9)
  Edmund (D:5)
  An acid dragon (D:9)
  2 water moccasins
  4 orc warriors (D:8)
  2 sky beasts
  A black bear (D:7)
  2 ice beasts
  6 wolves (Lair:1)
  A centaur (D:9)
  An ogre (D:5)
  7 kobold brigands
  3 bullfrogs
  A scorpion (D:5)
  A water moccasin zombie (D:6)
  A water moccasin skeleton (D:6)
  25 killer bees
  16 wights
  A centaur zombie (D:9)
  A bullfrog skeleton (D:7)
  A centaur skeleton (D:6)
  3 hounds
  An orc priest (D:8)
  2 orc wizards
  Ijyb (D:4)
  3 iguanas
  2 killer bee zombies (D:6)
  A hound skeleton (D:5)
  4 mummies
  4 gnolls (D:4)
  2 howler monkey zombies
  A river rat (Sewer)
  8 adders
  A shadow imp (D:7)
  An adder skeleton (D:4)
  2 worms
  4 dart slugs
  31 orcs
  9 ball pythons
  8 giant cockroaches
  2 gnoll zombies (Ossuary)
  A goblin (D:3)
  7 hobgoblins
  5 jackals
  15 kobolds
  8 quokkas
  9 bats
  4 frilled lizards
  2 goblin zombies (Ossuary)
  2 hobgoblin zombies (Ossuary)
  6 kobold zombies (Ossuary)
  4 rats
262 creatures vanquished.

Vanquished Creatures (others)
  2 kobold brigands (D:8)
  2 bullfrogs
  A water moccasin skeleton (D:6)
  A howler monkey (D:9)
  A hound (D:5)
  19 jellies
  Jessica (D:2)
  2 iguanas
  3 adders
  An adder skeleton (D:4)
  A worm (D:3)
  2 endoplasms (Sewer)
  11 orcs
  3 ball pythons
  3 goblins
  A hobgoblin (D:3)
  4 jackals (D:5)
  6 kobolds
  3 quokkas
  A bat (D:3)
  A frilled lizard (D:3)
  9 fungi
  31 plants
109 creatures vanquished.

Grand Total: 371 creatures vanquished

Notes
Turn   | Place    | Note
-------+----------+-------------------------------------------
     0 | D:1      | rwqrw the Troll Fighter began the quest for the Orb.
     0 | D:1      | Reached XP level 1. HP: 22/22 MP: 0/0
   106 | D:1      | Found a faded altar of an unknown god.
   120 | D:1      | Became a worshipper of Jiyva Jeuffuno the Shapeless
   120 | D:1      | Reached * piety under Jiyva
   177 | D:1      | Reached XP level 2. HP: 22/29 MP: 1/1
   367 | D:1      | Reached skill level 3 in Unarmed Combat
   381 | D:1      | Reached XP level 3. HP: 36/36 MP: 2/2
   791 | D:2      | Killed Jessica
   816 | D:2      | Found an opulent altar of Gozag.
   968 | D:2      | Noticed Sigmund
   980 | D:2      | Killed Sigmund
   981 | D:2      | Reached skill level 5 in Unarmed Combat
   981 | D:2      | Reached XP level 4. HP: 34/46 MP: 3/3
   981 | D:2      | Reached XP level 5. HP: 39/53 MP: 4/4
  2220 | D:4      | Found a runed translucent gate.
  2220 | D:4      | Found a runed translucent gate.
  2220 | D:4      | Found a runed translucent gate.
  2221 | D:4      | Noticed SirDiesAlot's ghost (amateur MiGl)
  2255 | D:4      | Reached XP level 6. HP: 56/62 MP: 5/5
  2385 | D:4      | Reached ** piety under Jiyva
  2386 | D:4      | Noticed Ijyb
  2397 | D:4      | Killed Ijyb
  2682 | D:4      | Killed SirDiesAlot's ghost
  2683 | D:4      | Reached skill level 6 in Unarmed Combat
  2683 | D:4      | Reached XP level 7. HP: 12/71 MP: 6/6
  2744 | D:5      | Entered Level 5 of the Dungeon
  2744 | D:5      | Noticed Edmund
  2754 | D:5      | Killed Edmund
  2755 | D:5      | Reached skill level 7 in Unarmed Combat
  2859 | D:5      | Found a snail-covered altar of Cheibriados.
  2914 | D:5      | Found a glowing drain.
  2922 | Sewer    | Entered a sewer
  2987 | Sewer    | HP: 2/71 [kobold brigand (5)]
  2989 | Sewer    | Reached skill level 5 in Fighting
  2989 | Sewer    | Reached XP level 8. HP: 4/80 MP: 7/7
  2992 | Sewer    | Reached skill level 8 in Unarmed Combat
  3137 | Sewer    | Reached *** piety under Jiyva
  3527 | D:5      | Found an opulent altar of Gozag.
  3787 | D:5      | Found a sacrificial altar of Ru.
  4220 | D:6      | Reached skill level 9 in Unarmed Combat
  4363 | D:6      | Found a sand-covered staircase.
  4373 | Ossuary  | Entered an ossuary
  4770 | D:6      | Found a glowing silver altar of Zin.
  4832 | D:6      | Reached skill level 1 in Armour
  4832 | D:6      | Reached XP level 9. HP: 62/89 MP: 8/8
  4935 | D:6      | Gained mutation: Your muscles are strong. (Str +2) [Jiyva's
                  | grace]
  4989 | D:6      | Noticed a cyclops
  5000 | D:6      | Killed a cyclops
  5243 | D:6      | Found a staircase to the Ecumenical Temple.
  5374 | D:6      | Found an ornate altar of the Wu Jian Council.
  5503 | Temple   | Entered the Ecumenical Temple
  5895 | D:7      | Reached skill level 10 in Unarmed Combat
  5946 | D:7      | Noticed Prince Ribbit
  5947 | D:7      | Noticed Maggie
  5967 | D:7      | Killed Maggie
  5968 | D:7      | Reached skill level 1 in Throwing
  6127 | D:7      | Noticed a green ugly thing
  6132 | D:7      | Killed a green ugly thing
  6362 | D:7      | Reached **** piety under Jiyva
  6483 | D:7      | Killed Prince Ribbit
  6532 | D:8      | Gained mutation: Your spells are a little harder to cast,
                  | but a little more powerful. [Jiyva's grace]
  6750 | D:8      | Noticed Psyche
  6760 | D:8      | Killed Psyche
  6761 | D:8      | Reached XP level 10. HP: 74/100 MP: 9/9
  6921 | D:8      | Gained mutation: You are resistant to electric shocks.
                  | (rElec) [Jiyva's grace]
  7139 | D:8      | Found Jukoumae's Weapon Boutique.
  7316 | D:8      | Reached ***** piety under Jiyva
  7343 | D:8      | Gained mutation: Armour fits poorly on your pseudopods.
                  | [Jiyva's grace]
  7545 | D:9      | Noticed krigyl's ghost (journeyman SpGl)
  7545 | D:9      | Found a runed translucent door.
  7545 | D:9      | Found a shimmering altar of Xom.
  7545 | D:9      | Noticed a +2 mace of chaos
  7885 | D:9      | Found a radiant altar of Vehumet.
  7925 | D:9      | Found a staircase to the Lair.
  7993 | D:9      | Gained mutation: You are strong-willed. (Will+) [Jiyva's
                  | grace]
  8102 | D:9      | Found Pyg Naim's Antique Armour Shoppe.
  8132 | D:9      | Paralysed by a hornet for 2 turns
  8308 | Lair:1   | Entered Level 1 of the Lair of Beasts
  8516 | Lair:1   | Reached skill level 11 in Unarmed Combat
  8589 | Lair:1   | Reached skill level 5 in Shields
  8589 | Lair:1   | Reached XP level 11. HP: 27/109 MP: 10/10
  8592 | Lair:1   | Reached skill level 5 in Dodging
  8938 | Lair:2   | Noticed a death yak
  8938 | Lair:2   | Noticed a death yak
  9509 | D:10     | Entered Level 10 of the Dungeon
  9868 | D:10     | Found a shimmering blue altar of Sif Muna.
  9897 | D:10     | Got Sif Muna's Guide on Ignition and Companions
  9902 | D:10     | Found a bloodstained altar of Trog.
  9918 | D:10     | Paralysed by a hornet for 3 turns
  9927 | D:10     | Paralysed by a hornet for 3 turns
  9928 | D:10     | HP: 2/110 [hornet (9)]
  9928 | D:10     | Mangled by a hornet

Illustrated notes

Levels and vault maps discovered:
D:1:      dpeg_arrival_chambers_temple_mockup, layout_loops_cross,
          shapermc_ecumenical_altar_mp_ritualfount, kennysheep_nondescript,
          minmay_octomino_j4
D:2:      layout_basic, basic_altar, minmay_misc_feat_more_columns,
          item_on_display_a, uniq_jessica, uniq_sigmund
D:3:      layout_basic, roderic_lattice_a
D:4:      layout_basic, gammafunk_ghost_split, uniq_ijyb
D:5:      layout_layer_cave, kennysheep_slug_shrine,
          mainiacjoe_overflow_divided_tiny, portal_sewer_entry_f, uniq_edmund
D:6:      layout_loops_ring, mainiacjoe_overflow_big_doors,
          lemuel_temple_firewalk_b, gup_ossuary_entry_pyramid,
          minmay_manual_monstrance
D:7:      layout_cave_pods, uniq_prince_ribbit1, uniq_maggie
D:8:      layout_basic, special_room [special_room_orc], serial_shops,
          kennysheep_little_box, minmay_unpleasant_kobolds, uniq_psyche
D:9:      layout_gridville, lemuel_round_altar, dpeg_oklobed_lair, serial_shops,
          nicolae_take_the_stairs, ebering_ghost_xom, st_stairs_4
D:10:     layout_roguey, nzn_overflow_gifts_of_might_and_magic
Temple:   nicolae_temple_great_sept
Lair:1:   layout_roguey, special_room [special_room_bee], hibernation_bobbens,
          grunt_megastairs_3, serial_bayou_shore_a
Lair:2:   layout_cave_shapes, minmay_swamp_entry_swarm,
          kennysheep_abandoned_house, grunt_megastairs_1

Skill      XL: |  1  2  3  4  5  6  7  8  9 10 11 |
---------------+----------------------------------+-----
Unarmed Combat | 3 5 6 7 9 10 11 | 11.3
Fighting       | 3 4 5 6 7 |  7.7
Armour         | 1 2 4 |  4.8
Dodging        | 3 4 5 |  5.5
Shields        | 3 5 |  5.5
Throwing       | 2 3 4 |  4.7

Action                   |  1- 3 |  4- 6 |  7- 9 | 10-12 || total
-------------------------+-------+-------+-------+-------++-------
Melee: Unarmed           |   114 |   136 |   293 |   346 ||   889
       Pseudopods        |       |       |       |    54 ||    54
Throw: Boomerang         |       |       |     3 |       ||     3
       Dart              |       |       |     7 |     6 ||    13
Invok: Request Jelly     |       |       |       |     1 ||     1
  Use: Potion            |       |       |     2 |     3 ||     5
       Scroll            |       |       |       |    12 ||    12
 Stab: Sleeping          |     2 |       |       |       ||     2
       Distracted        |       |       |     1 |       ||     1
Armor: Robe              |    65 |    38 |    44 |       ||   147
       Acid dragon scale |       |       |    18 |    74 ||    92
Dodge: Dodged            |    32 |    35 |    92 |   133 ||   292
Block: Kite shield       |    54 |    40 |   106 |   172 ||   372

Table legend: (Time is in decaauts)
 A = Elapsed time spent in this place.
 B = Non-inter-level travel time spent in this place.
 C = Inter-level travel time spent in this place.
 D = Time resting spent in this place.
 E = Time spent auto-exploring this place.
 F = Levels seen in this place.
 G = Mean time per level.
                   A        B        C        D        E       F      G
               +--------+--------+--------+--------+--------+-----+--------+
         Total |  10059 |   9566 |    493 |    166 |   7390 |  15 |  670.6 |
       Dungeon |   8071 |   7630 |    441 |      0 |   6115 |  10 |  807.1 |
        Temple |     80 |     67 |     13 |      0 |     58 |   1 |   80.0 |
          Lair |   1148 |   1110 |     38 |    111 |    766 |   2 |  574.0 |
         Sewer |    394 |    394 |      0 |     55 |    191 |   1 |  394.0 |
       Ossuary |    365 |    365 |      0 |      0 |    259 |   1 |  365.0 |
               +--------+--------+--------+--------+--------+-----+--------+

Top non-repeatable levels by time:
     D:5: 1082 daAuts
     D:6: 1060 daAuts
  Lair:1: 1058 daAuts
     D:8: 1010 daAuts
     D:3: 962 daAuts
     D:7: 897 daAuts
     D:9: 822 daAuts
     D:1: 734 daAuts
     D:4: 712 daAuts
    D:10: 419 daAuts
   Sewer: 394 daAuts
     D:2: 369 daAuts
 Ossuary: 365 daAuts
  Lair:2: 89 daAuts
  Temple: 80 daAuts
